 Dungeon Crawl Stone Soup version 0.31.0-11-ge490571c62 (webtiles) character file.

Game seed: 2629133161444135398

340 qw the Skirmisher (level 6, -2/35 HPs)
             Began as a Deep Elf Hunter on Feb 4, 2024.
             Slain by a gnoll
             ... wielding a +0 club
              (6 damage)
             ... on level 3 of the Dungeon.
             The game lasted 00:00:07 (1767 turns).

qw the Skirmisher (Deep Elf Hunter)                 Turns: 1767, Time: 00:00:07

Health: -2/35      AC:  3    Str: 10    XL:     6   Next: 30%
Magic:  8/8        EV: 12    Int: 14    God:
Gold:   161        SH:  0    Dex: 18    Spells: 5/5 levels left

rFire   . . .        a - +2 shortbow
rCold   . . .        (shield currently unavailable)
rNeg    . . .        c - +0 leather armour
rPois   .            (no helmet)
rElec   .            (no cloak)
rCorr   .            (no gloves)
SInv    .            (no boots)
Will    .....        (no amulet)
Stlth   ++           (no ring)
HPRegen 0.25/turn    (no ring)
MPRegen 0.11/turn

%: no passive effects
@: no status effects
A: no striking features
a: no special abilities


You were on level 3 of the Dungeon.
You visited 1 branch of the dungeon, and saw 3 of its levels.

You collected 161 gold pieces.


   Skills:
 - Level 2.2 Fighting
 + Level 9.5 Ranged Weapons
 - Level 3.0 Dodging
 - Level 1.2 Stealth


You had 5 spell levels left.
You didn't know any spells.
Your spell library was empty.

Inventory:

Hand Weapons
 a - a +2 shortbow (weapon)
Armour
 c - a +0 leather armour (worn)
Potions
 b - a potion of curing {unknown}
 d - a potion of cancellation
 e - a potion of mutation {unknown}

Dungeon Overview and Level Annotations

Branches:
Dungeon (3/15)

Altars:
The Shining One

Shops:
D:2 (   D:3 [


Message History

A gnoll comes into view. It is wielding a +0 flail.
You shoot an arrow. The arrow barely misses the gnoll.
You shoot an arrow.
The arrow hits the gnoll but does no damage.
You shoot an arrow. The arrow closely misses the gnoll.
You shoot an arrow.
The arrow hits the gnoll but does no damage.
A gnoll comes into view. It is wielding a +0 club.
You shoot an arrow. The gnoll shouts!
The arrow hits the gnoll!
The gnoll is heavily wounded.
You shoot an arrow. The arrow closely misses the gnoll.
A gnoll comes into view. It is wielding a +0 spear.
You shoot an arrow. The arrow barely misses the gnoll.
The gnoll shouts!
The gnoll hits you with a +0 flail!
An endoplasm comes into view.
You shoot an arrow. The arrow barely misses the gnoll.
The arrow hits the gnoll.
The gnoll is moderately wounded.
The gnoll hits you with a +0 flail!
You shoot an arrow. The arrow barely misses the gnoll.
The arrow hits the gnoll.
The gnoll is heavily wounded.
The gnoll hits you with a +0 flail.
You shoot an arrow. The arrow hits the gnoll.
The gnoll is severely wounded.
The gnoll closely misses you.
You shoot an arrow. The arrow hits the gnoll.
The gnoll is severely wounded.
The gnoll hits you with a +0 club.
You shoot an arrow. The arrow closely misses the gnoll.
The gnoll hits you with a +0 flail! The gnoll barely misses you. x2
You shoot an arrow. The arrow closely misses the gnoll.
The gnoll barely misses you. The gnoll closely misses you. x2
You shoot an arrow. The arrow hits the gnoll.
You kill the gnoll!
The gnoll misses you.
The endoplasm hits you but does no damage.
The gnoll hits you with a +0 club.
You die...

... #.....##. .
...#........ ##"
.....?...##
^..##......... . .>
#.....#.....# . #..
#.#......)..### ##...
##.......).......
.....#.#...# #.@Jg.)...
.............##..g......
........................
..........#####.........
........#.####..........
............##..........
..... #.....%..........
##.#####....###.........
.............##........


You could see 2 gnolls and an endoplasm.

Vanquished Creatures
  Sigmund (D:2)
  2 hounds (D:3)
  A sleepcap (D:3)
  A gnoll (D:3)
  3 adders
  4 dart slugs
  2 ribbon worms (D:3)
  6 ball pythons
  6 bats
  7 endoplasms
  10 goblins
  6 hobgoblins
  7 kobolds
  2 quokkas
  A frilled lizard (D:1)
  4 rats
63 creatures vanquished.

Notes
Turn   | Place    | Note
-------+----------+-------------------------------------------
     0 | D:1      | qw the Deep Elf Hunter began the quest for the Orb.
     0 | D:1      | Reached XP level 1. HP: 12/12 MP: 3/3
     0 | D:1      | 0 ||| qw: Version: 0.3-a-160-g6735b56
     0 | D:1      | 0 ||| qw: Game counter: 4691
     0 | D:1      | 0 ||| qw: Melee chars always use a shield: true
     0 | D:1      | 0 ||| qw: God list: Okawaru
     0 | D:1      | 0 ||| qw: Allow faded altars: false
     0 | D:1      | 0 ||| qw: Do Orc after clearing Dungeon:15 true
     0 | D:1      | 0 ||| qw: Do second Lair branch before Depths: true
     0 | D:1      | 0 ||| qw: Lair rune preference: random
     0 | D:1      | 0 ||| qw: Goals: Normal
     0 | D:1      | 0 ||| PLANNING D:1-11
    77 | D:1      | Reached XP level 2. HP: 16/16 MP: 4/4
    82 | D:1      | Reached skill level 6 in Ranged Weapons
   698 | D:1      | Reached XP level 3. HP: 20/20 MP: 5/5
   851 | D:1      | 851 ||| READING scroll labelled TAANOAWULL.
   852 | D:1      | 852 ||| READING 2 scrolls labelled SUBEMYPTEI.
   852 | D:1      | 852 ||| ENCHANTING +0 shortbow.
   853 | D:1      | 853 ||| READING scroll of enchant weapon.
   853 | D:1      | 853 ||| ENCHANTING +1 shortbow.
   854 | D:1      | 854 ||| READING scroll labelled JYMEMO SETHAD.
   955 | D:1      | 955 ||| READING scroll labelled POHASO FE JYBB.
   955 | D:1      | 955 ||| IDENTIFYING metallic green potion
   956 | D:1      | 956 ||| DROPPING scroll of butterflies.
   957 | D:1      | 957 ||| DROPPING potion of degeneration.
  1045 | D:2      | 1045 ||| FLEEEEING.
  1046 | D:2      | 1046 ||| FLEEEEING.
  1047 | D:2      | 1047 ||| FLEEEEING.
  1048 | D:2      | 1048 ||| FLEEEEING.
  1049 | D:2      | 1049 ||| FLEEEEING.
  1073 | D:2      | Noticed Sigmund
  1081 | D:2      | Killed Sigmund
  1082 | D:2      | Reached skill level 9 in Ranged Weapons
  1082 | D:2      | Reached XP level 4. HP: 14/25 MP: 6/6
  1082 | D:2      | Reached XP level 5. HP: 16/29 MP: 7/7
  1082 | D:2      | 1082 ||| FLEEEEING.
  1235 | D:2      | Identified the +6 short sword "Amuk Yri" {pain, ^Fragile
                  | rC- Str+6 Dex+4}
  1255 | D:2      | Reached skill level 3 in Dodging
  1342 | D:2      | Found Oranis's Weapon Shoppe.
  1500 | D:2      | 1500 ||| READING scroll labelled WEAMETHENOL.
  1501 | D:2      | 1501 ||| READING scroll labelled JONENWI ULIANG.
  1504 | D:2      | 1504 ||| READING scroll labelled QUOHIRYLYU.
  1504 | D:2      | 1504 ||| ENCHANTING +2 shortbow.
  1505 | D:2      | 1505 ||| DRINKING 2 grey potions.
  1603 | D:3      | Found Xyledo's Antique Armour Shoppe.
  1608 | D:3      | 1608 ||| SHOPLISTING pair of glowing gloves (142 gold, have
                  | 118).
  1648 | D:3      | Reached XP level 6. HP: 35/35 MP: 8/8
  1649 | D:3      | Found a glowing golden altar of the Shining One.
  1765 | D:3      | HP: 4/35 [gnoll/+0 flail (8)]
  1767 | D:3      | Slain by a gnoll

Levels and vault maps discovered:
D:1:      dpeg_arrival_simpleton_b, layout_basic, fountainhead,
          minmay_heptomino_l4
D:2:      layout_basic, serial_shops, shop, uniq_sigmund
D:3:      layout_rooms, mainiacjoe_overflow_small_starburst, marbit_many_paths,
          shapermc_ecumenical_altar_notcrosses, serial_shops,
          nicolae_shop_hallway_stairs, columned_hall_lemuel

Skill      XL: |  1  2  3  4  5 |
---------------+----------------+-----
Ranged Weapons | 6 9 |  9.5
Dodging        | 3 |  3.0
Fighting       | 2 |  2.2
Stealth        | |  1.2

Action                     |  1- 3 |  4- 6 || total
---------------------------+-------+-------++-------
   Fire: Shortbow          |    79 |    96 ||   175
    Use: Scroll            |     5 |     3 ||     8
         Potion            |       |     1 ||     1
 Armour: Leather armour    |    10 |    22 ||    32
  Dodge: Dodged            |    12 |    23 ||    35

Table legend:
 A = Non-vault XP
 B = Vault XP
 C = Vault XP percentage of total XP
 D = Non-vault monster count
 E = Vault monster count
 F = Vault count percentage of total count
                 A         B        C        D         E       F
            +---------+---------+-------+---------+---------+-------
      Total |     233 |     267 |  53.4 |      57 |       6 |   9.5
            +---------+---------+-------+---------+---------+-------
        D:1 |      43 |       8 |  15.7 |      22 |       4 |  15.4
        D:2 |      49 |     214 |  81.4 |      21 |       1 |   4.5
        D:3 |     141 |      45 |  24.2 |      14 |       1 |   6.7
            +---------+---------+-------+---------+---------+-------
